 Dungeon Crawl Stone Soup version 0.20.0-10-g0535bb4 (webtiles) character file.

69778 Gorglomux the Thaumaturge (level 14, -2/88 HPs)
             Began as a Deep Elf Assassin on June 4, 2017.
             Was a High Priest of Vehumet.
             Killed from afar by an ice dragon (28 damage)
             ... with a blast of cold
             ... on level 6 of the Lair of Beasts.
             The game lasted 01:26:29 (33794 turns).

Gorglomux the Thaumaturge (Deep Elf Assassin)      Turns: 33794, Time: 01:26:29

Health: -2/88      AC: 21    Str:  8    XL:     14   Next: 91%
Magic:  12/34      EV: 17    Int: 22    God:    Vehumet [*****.]
Gold:   1146       SH:  5    Dex: 16    Spells: 19/42 levels left

rFire    . . .     SeeInvis .   a - +0 short sword (venom)
rCold    . . .     Gourm    .   X - +0 buckler
rNeg     . . .     Faith    +   B - quicksilver dragon scales
rPois    +         Spirit   .   n - +2 helmet
rElec    .         Reflect  .   d - +2 cloak
rCorr    .         Harm     .   Y - +0 pair of gloves
MR       ++...                  E - +2 pair of boots
Stlth    ++++......             U - amulet of faith
Regen    0.3/turn               o - ring of poison resistance
MPRegen  0.3/turn               K - ring of wizardry

@: starving
A: no striking features
a: Renounce Religion


You were on level 6 of the Lair of Beasts.
You worshipped Vehumet.
Vehumet was extremely pleased with you.
You were starving.

You visited 3 branches of the dungeon, and saw 17 of its levels.

You collected 1146 gold pieces.

Inventory:

Hand Weapons
 a - a +0 short sword of venom (weapon)
 i - the +6 hand axe of Migec {holy, MR++ Int-2 Dex+8}
   (You found it on level 3 of the Lair of Beasts)

   It has been blessed by the Shining One to cause great damage to the undead
   and demons.
   It affects your intelligence (-2).
   It affects your dexterity (+8).
   It affects your resistance to hostile enchantments.
 r - a +2 dagger of freezing
 D - a +0 blowgun
Missiles
 e - 30 poisoned needles
 f - 2 curare-tipped needles
Armour
 d - a +2 cloak (worn)
 n - a +2 helmet (worn)
 B - quicksilver dragon scales (worn)
 E - a +2 pair of boots (worn)
 X - a +0 buckler (worn)
 Y - a +0 pair of gloves (worn)
Magical Staves
 b - an uncursed staff of conjuration
Jewellery
 l - an uncursed ring of flight
 o - a ring of poison resistance (left hand)
 K - a ring of wizardry (right hand)
 R - an uncursed ring of stealth {unknown}
 U - an amulet of faith (around neck)
Wands
 A - a wand of acid (4/15)
 L - a wand of lightning (5/15)
Scrolls
 h - a scroll of random uselessness
 j - 2 scrolls of noise {unknown}
 m - a scroll of torment {unknown}
 q - 2 scrolls of fear
 s - 7 scrolls of remove curse
 y - a scroll of blinking {unknown}
 F - 4 scrolls of fog
 G - a scroll of summoning {unknown}
 H - 2 scrolls of immolation
 I - 5 scrolls of amnesia
 M - a scroll of magic mapping
 T - 7 scrolls of teleportation
 W - 3 scrolls of recharging
Potions
 c - a potion of heal wounds
 k - a potion of lignification
 t - 2 potions of invisibility
 u - 2 potions of flight
 x - 3 potions of haste
 C - 2 potions of berserk rage
 O - a potion of resistance
 P - 4 potions of ambrosia
 Q - 10 potions of curing
 S - 2 potions of mutation {!q}
 V - 2 potions of agility
 Z - a potion of cancellation
Books
 p - a book of Clouds

   Spells                             Type                      Level
   a - Poisonous Vapours              Poison/Air                   2
   b - Mephitic Cloud                 Conjuration/Poison/Air       3
   c - Conjure Flame                  Conjuration/Fire             3
   d - Freezing Cloud                 Conjuration/Ice/Air          6
   e - Ring of Flames                 Charms/Fire                  7
Comestibles
 g - 7 bread rations
 w - 7 fruits
 z - 12 meat rations
 N - 18 royal jellies


   Skills:
 + Level 10.6 Fighting
 - Level 6.8 Short Blades
 - Level 2.0 Throwing
 - Level 4.4 Armour
 - Level 12.7 Dodging
 - Level 10.0 Stealth
 - Level 4.1 Shields
 + Level 14.7 Spellcasting
 + Level 10.5 Conjurations
 + Level 10.0 Fire Magic
 - Level 1.2 Air Magic
 + Level 1.0 Poison Magic


You had 19 spell levels left.
You knew the following spells:

 Your Spells              Type           Power        Failure   Level  Hunger
a - Shock                 Conj/Air       ####         1%          1    None
b - Ring of Flames        Chrm/Fire      #####.....   98%         7    ######.
c - Freeze                Ice            ###.         1%          1    None
d - Static Discharge      Conj/Air       #####...     1%          3    None
e - Lightning Bolt        Conj/Air       #####.....   3%          5    ###....
f - Poison Arrow          Conj/Pois      #####.....   16%         6    #####..


Dungeon Overview and Level Annotations

Branches:
Dungeon (10/15)            Temple (1/1) D:4            Lair (6/6) D:10
 Shoals (0/4) Lair:3        Snake (0/4) Lair:2
  Slime: Lair:5-6       Orc: D:9-12

Altars:
Ashenzari
Cheibriados
Dithmenos
Elyvilon
Fedhas
Gozag
Hepliaklqana
Kikubaaqudgha
Makhleb
Nemelex Xobeh
Okawaru
Qazlal
Ru
Sif Muna
Trog
Uskayaw
Vehumet
Xom
Yredelemnul
Zin
The Shining One

Shops:
D:4 }   D:8 (

Annotations:
Lair:3 6 exclusions
Lair:4 Kirke, Nessos
Lair:6 exclusion: oklob plant


Message History

The ice dragon looks as sick as possible!
The ice dragon is heavily wounded.
Casting: Poison Arrow
Confirm with . or Enter, or press ? or * to list all spells.
Aiming: Poison Arrow
Press: ? - help, Shift-Dir - straight line, f/p - ice dragon
Aim: an ice dragon (heavily wounded, poisoned, catching its breath)
The poison arrow hits the ice dragon.
The ice dragon partially resists.
The ice dragon looks as sick as possible!
The ice dragon is severely wounded.
You are starving!
Unknown command.
The ice dragon breathes frost at you. The blast of cold hits you!
The ice dragon breathes frost at you. The blast of cold hits you!
* * * LOW HITPOINT WARNING * * *
The ice dragon breathes frost at you. The blast of cold hits you!
You die...

####..#.....## ##...###
######.....##.# #.##..8# ####
#.##.....#.#### ###...## #..#
.#......#### ##...#'# #...
.......## #.D####$$ #... .#....##
##..# $.$# #... ##.#...## ###..##
$$$###... ###.#...## #....#
$$$##.... # ####...### ##.@#####
$###.... # #......# ##.....##
####.... ## ##(...)##
##...#.#####P..... .# #.......#
#.....#...#....... ## ##......#
#...P.....#....... # ##..####
###............... # ####
#..#...#...P...... ###
####..............
##########.#######...............


You could see an ice dragon.

Vanquished Creatures
  Gastronok (Lair:1)
  2 hydras (Lair:6)
  Erica (D:9)
  Erolcha (D:9)
  2 catoblepae (Lair:6)
  2 two-headed ogres
  10 death yaks
  A deep elf knight (D:8)
  A lindwurm (Lair:6)
  A wolf spider (Lair:6)
  19 elephants
  A centaur zombie (D:10)
  A black mamba (Lair:6)
  A gargoyle (D:10)
  11 spiny frogs
  A centaur skeleton (D:6)
  6 torpor snails (Lair:6)
  7 komodo dragons
  5 rime drakes
  10 polar bears (Lair:6)
  3 meliai (Lair:4)
  9 hornets
  3 tyrant leeches (Lair:6)
  A queen bee (Lair:4)
  21 blink frogs
  8 dream sheep (Lair:6)
  2 raiju (Lair:6)
  16 hippogriffs
  Prince Ribbit (D:9)
  A snapping turtle (Lair:3)
  A wraith (D:8)
  3 wyverns
  A steam dragon (Lair:2)
  4 basilisks
  57 yaks
  4 hungry ghosts
  Grum (D:9)
  Edmund (D:4)
  4 wargs (Lair:6)
  5 nagas
  15 hell hounds (Lair:6)
  8 porcupines
  11 water moccasins
  4 sky beasts
  3 orc warriors
  3 ice beasts
  14 black bears
  3 phantoms
  19 wolves
  7 centaurs
  An eye of draining (D:8)
  4 ogres
  12 crocodiles
  10 bullfrogs
  A gnoll sergeant (D:9)
  A wyvern zombie (D:8)
  4 scorpions
  2 water moccasin skeletons (D:5)
  49 killer bees
  3 wights
  An electric eel (Lair:3)
  4 howler monkeys
  4 crimson imps
  A quasit (D:7)
  6 hounds
  2 orc priests
  A gnoll shaman (D:6)
  Crazy Yiuf (D:5)
  A bullfrog skeleton (D:5)
  4 orc wizards
  11 hell rats
  12 worker ants
  A killer bee zombie (D:5)
  A worker ant zombie (D:9)
  19 gnolls
  17 adders
  A shadow imp (D:8)
  2 adder zombies
  A worm (D:3)
  3 dart slugs
  6 leopard geckos
  23 orcs
  A ball python (D:1)
  6 bats
  8 giant cockroaches
  5 goblins
  8 hobgoblins
  9 jackals
  10 kobolds
  A quokka (D:10)
  8 frilled lizards
  A leopard gecko skeleton (D:4)
  A leopard gecko zombie (D:5)
  A quokka skeleton (D:6)
  11 rats
596 creatures vanquished.

Vanquished Creatures (others)
  A killer bee (Lair:3)
  39 fungi
  52 plants
92 creatures vanquished.

Grand Total: 688 creatures vanquished

Notes
Turn   | Place    | Note
-------+----------+-------------------------------------------
     0 | D:1      | Gorglomux the Deep Elf Assassin began the quest for the Orb.
     0 | D:1      | Reached XP level 1. HP: 12/12 MP: 3/3
   109 | D:1      | Reached XP level 2. HP: 16/16 MP: 4/4
   170 | D:1      | Reached skill level 3 in Dodging
   343 | D:1      | Reached XP level 3. HP: 13/20 MP: 5/5
   756 | D:2      | Found a faded altar of an unknown god.
  1125 | D:2      | Reached XP level 4. HP: 25/25 MP: 7/7
  1184 | D:2      | Reached skill level 1 in Spellcasting
  1515 | D:3      | Reached skill level 2 in Spellcasting
  1994 | D:3      | Reached XP level 5. HP: 29/29 MP: 10/10
  2553 | D:3      | Reached skill level 3 in Spellcasting
  2816 | D:4      | Reached skill level 6 in Dodging
  2816 | D:4      | Reached skill level 4 in Spellcasting
  2816 | D:4      | Reached XP level 6. HP: 34/34 MP: 12/14
  2915 | D:4      | Reached skill level 1 in Shields
  3148 | D:4      | Found a staircase to the Ecumenical Temple.
  3160 | Temple   | Entered the Ecumenical Temple
  3250 | D:4      | Found Ucuph's Gadget Shoppe.
  3391 | D:4      | Reached skill level 3 in Shields
  3446 | D:4      | Reached XP level 7. HP: 38/38 MP: 15/15
  3551 | D:4      | Noticed Edmund
  3572 | D:4      | Killed Edmund
  3601 | D:5      | Entered Level 5 of the Dungeon
  3641 | D:5      | Reached skill level 1 in Armour
  3719 | D:5      | Found a runed door.
  3723 | D:5      | Noticed Crazy Yiuf
  3749 | D:5      | Killed Crazy Yiuf
  3968 | D:5      | Reached skill level 3 in Armour
  4050 | D:5      | Reached XP level 8. HP: 27/43 MP: 16/16
  5125 | D:6      | Reached skill level 3 in Fighting
  6329 | D:6      | Found a hide-covered altar of Uskayaw.
  6362 | D:6      | Reached skill level 3 in Short Blades
  6362 | D:6      | Reached XP level 9. HP: 44/54 MP: 17/17
  6698 | D:7      | Reached skill level 6 in Stealth
  7245 | D:7      | Found a glowing golden altar of the Shining One.
  8051 | D:8      | Reached skill level 6 in Short Blades
  8051 | D:8      | Reached skill level 9 in Stealth
  8236 | D:8      | Found Cojoiqel's Weapon Shop.
  8273 | D:8      | Found a burning altar of Makhleb.
  8305 | D:8      | Reached XP level 10. HP: 30/59 MP: 1/18
  8604 | D:8      | Noticed a deep elf knight
  8617 | D:8      | Found a deep blue altar of Sif Muna.
  8617 | D:8      | Found a shadowy altar of Dithmenos.
  8804 | D:8      | Noticed a five-headed hydra
  8901 | D:8      | Noticed a two-headed ogre
  8951 | D:8      | Killed a two-headed ogre
  8951 | D:8      | Reached skill level 6 in Spellcasting
  9289 | D:8      | Killed a deep elf knight
  9289 | D:8      | Reached skill level 7 in Spellcasting
  9538 | D:8      | Reached skill level 8 in Spellcasting
  9689 | D:8      | Reached skill level 9 in Dodging
  9739 | D:9      | Noticed Grum
  9791 | D:9      | Killed Grum
  9875 | D:8      | Reached XP level 11. HP: 54/64 MP: 25/25
 10225 | D:9      | Noticed Prince Ribbit
 10258 | D:9      | Killed Prince Ribbit
 10288 | D:9      | Found a shattered altar of Ashenzari.
 10468 | D:9      | Found a radiant altar of Vehumet.
 10469 | D:9      | Found an iron altar of Okawaru.
 10508 | D:10     | Entered Level 10 of the Dungeon
 10508 | D:10     | Noticed Erolcha
 10524 | D:9      | Found an opulent altar of Gozag.
 10527 | D:9      | Became a worshipper of Vehumet
 10563 | D:10     | Noticed a two-headed ogre
 10758 | D:9      | Noticed Erica
 10832 | D:9      | Killed Erica
 10832 | D:9      | Reached skill level 6 in Fighting
 11385 | D:9      | Killed a two-headed ogre
 12017 | D:9      | Reached * piety under Vehumet
 12017 | D:9      | Offered knowledge of Shock by Vehumet.
 12042 | D:9      | Learned a level 1 spell: Shock
 12422 | D:10     | Noticed a death yak
 12426 | D:10     | Noticed a death yak
 12428 | D:10     | Noticed a death yak
 13050 | D:9      | Reached skill level 1 in Air Magic
 13315 | D:9      | HP: 2/66 [something (20)]
 13318 | D:9      | Killed Erolcha
 13318 | D:9      | Reached skill level 9 in Spellcasting
 13318 | D:9      | Reached skill level 1 in Conjurations
 13810 | D:10     | Reached ** piety under Vehumet
 13810 | D:10     | Offered knowledge of Freeze by Vehumet.
 13990 | D:10     | Found a staircase to the Lair.
 14014 | Lair:1   | Entered Level 1 of the Lair of Beasts
 14028 | Lair:1   | Learned a level 7 spell: Ring of Flames
 14150 | Lair:1   | Noticed Gastronok
 14247 | Lair:1   | Killed Gastronok
 14247 | Lair:1   | Reached skill level 3 in Conjurations
 14247 | Lair:1   | Reached skill level 1 in Fire Magic
 14247 | Lair:1   | Reached XP level 12. HP: 41/72 MP: 27/27
 14491 | Lair:1   | Reached skill level 10 in Spellcasting
 15097 | Lair:1   | Learned a level 1 spell: Freeze
 15874 | Lair:1   | Reached skill level 3 in Fire Magic
 16010 | Lair:2   | Found a shattered altar of Ashenzari.
 16312 | Lair:2   | Offered knowledge of Searing Ray by Vehumet.
 16334 | Lair:2   | Reached skill level 12 in Dodging
 17373 | Lair:2   | Reached *** piety under Vehumet
 17427 | Lair:2   | Found a staircase to the Snake Pit.
 17839 | Lair:2   | Reached skill level 11 in Spellcasting
 18595 | Lair:2   | Noticed a six-headed hydra
 19169 | Lair:2   | Offered knowledge of Static Discharge by Vehumet.
 19413 | Lair:2   | Learned a level 3 spell: Static Discharge
 19509 | Lair:3   | Reached skill level 6 in Conjurations
 19815 | Lair:3   | Reached **** piety under Vehumet
 19874 | Lair:3   | Got a pitted hand axe
 19875 | Lair:3   | Identified the +6 hand axe of Migec {holy, MR++ Int-2 Dex+8} (You found it on level 3 of the Lair of Beasts)
 19886 | Lair:3   | Reached XP level 13. HP: 79/79 MP: 30/30
 19961 | Lair:2   | Offered knowledge of Stone Arrow by Vehumet.
 20803 | Lair:3   | Found a staircase to the Shoals.
 21691 | Lair:3   | Reached skill level 6 in Fire Magic
 21817 | Lair:4   | Reached skill level 12 in Spellcasting
 21819 | Lair:4   | Noticed Nessos
 22322 | Lair:4   | Reached ***** piety under Vehumet
 22365 | Lair:4   | Offered knowledge of Venom Bolt by Vehumet.
 22564 | Lair:4   | Reached skill level 9 in Fighting
 23774 | Lair:4   | Noticed Kirke
 24951 | Lair:6   | Entered Level 6 of the Lair of Beasts
 26257 | Lair:6   | Reached skill level 13 in Spellcasting
 26261 | Lair:6   | Offered knowledge of Iskenderun's Mystic Blast by Vehumet.
 26436 | Lair:6   | Reached XP level 14. HP: 19/87 MP: 11/33
 27082 | Lair:6   | Found a runed door.
 27464 | Lair:6   | Reached skill level 9 in Conjurations
 28786 | Lair:6   | Offered knowledge of Lightning Bolt by Vehumet.
 29948 | Lair:6   | Reached skill level 9 in Fire Magic
 30287 | Lair:6   | Reached skill level 14 in Spellcasting
 31312 | Lair:6   | Learned a level 5 spell: Lightning Bolt
 33187 | Lair:5   | Offered knowledge of Poison Arrow by Vehumet.
 33195 | Lair:5   | Learned a level 6 spell: Poison Arrow
 33529 | Lair:6   | Reached skill level 1 in Poison Magic
 33794 | Lair:6   | Killed from afar by an ice dragon

Skill      XL: |  1  2  3  4  5  6  7  8  9 10 11 12 13 14 |
---------------+-------------------------------------------+-----
Dodging        | 2 3 4 5 6 9 11 12 | 12.7
Spellcasting   | 2 4 8 9 11 13 14 | 14.7
Shields        | 3 4 |  4.1
Armour         | 3 4 |  4.4
Fighting       | 5 7 8 9 10 | 10.6
Short Blades   | 3 6 |  6.8
Stealth        | 5 9 10 | 10.0
Air Magic      | 1 |  1.2
Conjurations   | 3 6 8 10 | 10.5
Fire Magic     | 1 5 8 10 | 10.0
Poison Magic   | 1 |  1.0
Throwing       | |  2.0

Action                   |  1- 3 |  4- 6 |  7- 9 | 10-12 | 13-15 || total
-------------------------+-------+-------+-------+-------+-------++-------
Melee: Dagger            |   111 |   211 |   455 |       |       ||   777
       Short sword       |       |       |   441 |  1785 |   875 ||  3101
 Fire: Blowgun           |       |     4 |       |    23 |     4 ||    31
Throw: Throwing net      |       |       |     1 |       |       ||     1
 Cast: Shock             |       |       |       |    40 |    39 ||    79
       Freeze            |       |       |       |    25 |    20 ||    45
       Static Discharge  |       |       |       |    22 |   394 ||   416
       Lightning Bolt    |       |       |       |       |    21 ||    21
       Poison Arrow      |       |       |       |       |     7 ||     7
Evoke: Wand              |       |       |       |     1 |     7 ||     8
  Use: Scroll            |       |     6 |    12 |     7 |    10 ||    35
       Potion            |       |       |     1 |     5 |       ||     6
 Stab: Sleeping          |     3 |    15 |    11 |    17 |    12 ||    58
       Distracted        |     1 |       |     2 |     3 |     7 ||    13
       Invisible         |       |       |     2 |     6 |       ||     8
       Petrified         |       |       |       |       |     7 ||     7
       Petrifying        |       |       |       |       |     1 ||     1
  Eat: Chunk             |     1 |     7 |    13 |    37 |    36 ||    94
       Royal jelly       |       |       |     2 |     6 |     5 ||    13
       Bread ration      |       |       |     1 |     1 |       ||     2
       Fruit             |       |       |     1 |     1 |       ||     2
Armor: Robe              |    23 |    10 |       |       |       ||    33
       Quicksilver drago |       |    44 |   331 |   593 |   537 ||  1505
Dodge: Dodged            |    85 |   118 |   427 |  1150 |   993 ||  2773
Block: Buckler           |       |       |   194 |   421 |   362 ||   977
